 Dungeon Crawl Stone Soup version 0.22-a0-614-g34fbaa0 (webtiles) character file.

2555 EloyTheNewbi the Grappler (level 9, -4/83 HPs)
             Began as a Troll Fighter on July 13, 2018.
             Was a Follower of Trog.
             Slain by a two-headed ogre
             ... wielding a +0 giant club
              (22 damage)
             ... on level 7 of the Dungeon.
             The game lasted 00:19:09 (5104 turns).

EloyTheNewbi the Grappler (Troll Fighter)           Turns: 5104, Time: 00:19:12

Health: -4/83      AC:  6    Str: 26    XL:     9   Next: 31%
Magic:  9/9        EV: 10    Int:  4    God:    Trog [*.....]
Gold:   432        SH:  9    Dex: 12    Spells: 7/8 levels left

rFire    x . .     SeeInvis .     - Unarmed
rCold    + . .     Gourm    +   b - +0 shield
rNeg     . . .     Faith    .   a - +0 robe
rPois    .         Spirit   .   r - +0 hat
rElec    .         Reflect  .   j - +0 cloak
rCorr    .         Harm     .   (gloves unavailable)
MR       .....                  (boots unavailable)
Stlth    +.........             (no amulet)
HPRegen  0.63/turn              o - ring of ice
MPRegen  0.11/turn              q - ring of flight

@: drained
A: large, unfitting armour, claws 3, fast metabolism 3, gourmand, regeneration
1, shaggy fur 1, tough skin 2
a: Berserk, Renounce Religion, Evoke Flight


You were on level 7 of the Dungeon.
You worshipped Trog.
Trog was aware of your devotion.
You were very full.

You visited 2 branches of the dungeon, and saw 8 of its levels.

You collected 432 gold pieces.

Inventory:

Missiles
 g - 111 stones (quivered)
Armour
 a - a +0 robe (worn)
 b - a +0 shield (worn)
 j - a +0 cloak (worn)
 r - a +0 hat (worn)
Jewellery
 o - a ring of ice (left claw)
 q - a ring of flight (right claw)
 G - a +4 ring of dexterity {unknown}
Wands
 e - a wand of paralysis (5)
 u - a wand of iceblast (8)
 y - a wand of enslavement (16)
Scrolls
 h - a scroll of fog
 i - a scroll of teleportation
 s - a scroll of enchant weapon {unknown}
 v - a scroll of blinking {unknown}
 w - 2 scrolls of immolation {unknown}
 x - a scroll of remove curse
Potions
 c - a potion of might
 f - a potion of lignification {unknown}
 k - 3 potions of heal wounds {unknown}
 l - a potion of cancellation {unknown}
 m - a potion of flight {unknown}
 n - 3 potions of curing {unknown}
 p - a potion of resistance {unknown}
 t - 2 potions of degeneration {unknown}
 z - 2 potions of agility {unknown}
 B - a potion of brilliance {unknown}
 C - a potion of magic {unknown}
 D - a potion of berserk rage {unknown}
 E - a potion of ambrosia {unknown}
Comestibles
 d - 14 rations


   Skills:
 * Level 3.5(2.6) Fighting
 * Level 6.3(5.3) Dodging
 + Level 1.6(0.7) Stealth
 + Level 4.6(3.6) Shields
 + Level 8.0(7.0) Unarmed Combat
 * Level 2.1(1.2) Evocations


You had 7 spell levels left.
You knew the following spells:

 Your Spells              Type           Power        Failure   Level  Hunger
a - Corona                Hex            #......      87%         1    ##.....

Your spell library contained the following spells:

 Spells                   Type           Power        Failure   Level  Hunger
 Confuse                  Hex            #.......     99%         3    ####...
 Tukima's Dance           Hex            #.......     99%         3    ####...
 Ensorcelled Hibernation  Hex/Ice        #.....       95%         2    ###....
 Dazzling Spray           Conj/Hex       #.....       99%         3    ####...


Dungeon Overview and Level Annotations

Branches:
Dungeon (7/15)             Temple (1/1) D:4

Altars:
Cheibriados
Fedhas
Nemelex Xobeh
Ru
Trog

Shops:
D:4 [


Innate Abilities, Weirdness & Mutations

You are too large for most types of armour.
You have claws for hands.
Your metabolism is lightning-fast.
You like to eat raw meat.
Your natural rate of healing is unusually fast.
You are covered in fur. (AC +1)
You have very tough skin. (AC +2)


Message History

Something hits you. Something shocks you.
* * * LOW HITPOINT WARNING * * *
Found a chain mail.
You scratch something. Something hits you but does no damage.
You claw something! You block the two-headed ogre's attack.
The two-headed ogre hits you with a giant club.
* * * LOW HITPOINT WARNING * * *
A sky beast appears from thin air!
Reactivating autopickup.
The sky beast hits you.
* * * LOW HITPOINT WARNING * * *
The sky beast shocks you.
* * * LOW HITPOINT WARNING * * *
As you read the scroll of fear, it crumbles to dust.
You assume a fearsome visage.
The two-headed ogre resists with some effort.
The sky beast looks frightened!
The sky beast flickers out of sight!
Deactivating autopickup; reactivate with Ctrl-A.
The two-headed ogre hits you with a giant club!!
You die...

#### ######## ...#
#......## ...#
#...$...## ...#
##........# ...#
#.........# ..##
#........## ..#
#........#######.[
..#
#........O@{......
..#
##.......#########.
.#####.......##
.###.........#
..#..##.....##
....###....## ..###
#...## #.# #.###
#.# ###


You could see a two-headed ogre.

Vanquished Creatures
  Pikel (D:5)
  A water moccasin (D:5)
  An orc warrior (D:5)
  2 black bears (D:6)
  A phantom (D:6)
  4 slaves
  4 ogres
  A bullfrog (D:6)
  2 gnoll sergeants
  3 scorpions
  5 wights (D:7)
  A howler monkey (D:4)
  A crimson imp (D:5)
  A bullfrog zombie (D:6)
  A hound (D:4)
  A centaur skeleton (D:6)
  Crazy Yiuf (D:3)
  3 orc wizards
  3 bullfrog skeletons
  Terence (D:2)
  2 worker ants
  A killer bee zombie (D:5)
  15 gnolls
  7 adders
  A shadow imp (D:5)
  An adder skeleton (D:5)
  5 worms
  2 dart slugs (D:1)
  5 leopard geckos
  8 orcs
  6 giant cockroaches
  2 goblins
  8 hobgoblins
  12 kobolds
  2 quokkas
  4 bats
  A frilled lizard (D:1)
  A jackal skeleton (D:5)
  A jackal zombie (D:5)
  12 rats
  8 fungi (D:5)
  2 plants (D:5)
144 creatures vanquished.

Vanquished Creatures (others)
  A fungus (D:5)
1 creature vanquished.

Grand Total: 145 creatures vanquished

Notes
Turn   | Place    | Note
-------+----------+-------------------------------------------
     0 | D:1      | EloyTheNewbi the Troll Fighter began the quest for the Orb.
     0 | D:1      | Reached XP level 1. HP: 22/22 MP: 0/0
   123 | D:1      | Reached XP level 2. HP: 27/29 MP: 1/1
  1005 | D:2      | Reached XP level 3. HP: 26/36 MP: 2/2
  1138 | D:2      | Found a sacrificial altar of Ru.
  1158 | D:2      | Reached XP level 4. HP: 43/44 MP: 3/3
  1178 | D:2      | Noticed Terence
  1193 | D:2      | Killed Terence
  1193 | D:2      | Reached skill level 3 in Unarmed Combat
  1527 | D:3      | Reached XP level 5. HP: 38/52 MP: 4/4
  2242 | D:3      | Found a runed door.
  2246 | D:3      | Noticed Crazy Yiuf
  2256 | D:3      | Killed Crazy Yiuf
  2295 | D:4      | Found Texeawun's Armour Shop.
  2342 | D:4      | Reached skill level 4 in Unarmed Combat
  2342 | D:4      | Reached XP level 6. HP: 59/59 MP: 5/5
  2426 | D:4      | Reached skill level 1 in Stealth
  2471 | D:4      | Learned a level 1 spell: Corona
  2732 | D:4      | Found a sparkling altar of Nemelex Xobeh.
  2842 | D:4      | Found a staircase to the Ecumenical Temple.
  3026 | Temple   | Entered the Ecumenical Temple
  3034 | Temple   | Became a worshipper of Trog the Wrathful
  3117 | D:5      | Entered Level 5 of the Dungeon
  3121 | D:5      | Noticed a slave
  3122 | D:5      | Noticed a slave
  3124 | D:5      | Noticed a slave
  3133 | D:5      | Reached XP level 7. HP: 36/66 MP: 6/6
  3136 | D:5      | Noticed Pikel
  3473 | D:5      | Reached skill level 5 in Unarmed Combat
  3538 | D:5      | Reached skill level 5 in Dodging
  3725 | D:5      | Reached XP level 8. HP: 66/75 MP: 7/7
  3743 | D:5      | Reached skill level 6 in Unarmed Combat
  3822 | D:5      | You fall through a shaft for 2 floors!
  3926 | D:5      | Killed Pikel
  3926 | D:5      | Reached skill level 7 in Unarmed Combat
  3926 | D:5      | Reached skill level 1 in Evocations
  3988 | D:5      | Reached * piety under Trog
  3999 | D:5      | Found a blossoming altar of Fedhas.
  4485 | D:6      | Reached XP level 9. HP: 79/83 MP: 9/9
  5041 | D:7      | Reached skill level 8 in Unarmed Combat
  5069 | D:7      | Noticed a two-headed ogre
  5104 | D:7      | Slain by a two-headed ogre

Vault maps used:
D:1:      giann_wishing_wells, minivault_4
D:2:      nicolae_ru_great_annihilating_truth, uniq_terence
D:3:      first_ration, uniq_crazy_yiuf_cottage
D:4:      nemelex_xobeh_ov_fountains_minmay,
          minmay_temple_entry_enclosed_plants, serial_shops,
          nicolae_shop_competitors_out_of_business,
          corexii_mini_fake_secret_closet
D:5:      fedhas_altar_3, uniq_pikel
D:7:      grunt_ogre_cave, evilmike_ruin_ashenzari
Temple:   minmay_crystal_spiral_temple

Skill      XL: |  1  2  3  4  5  6  7  8  9 |
---------------+----------------------------+-----
Dodging        | 3 4 5 6 |  6.3
Unarmed Combat | 3 4 5 7 8 |  8.0
Shields        | 3 4 |  4.6
Stealth        | 1 |  1.6
Fighting       | 3 |  3.5
Evocations     | 2 |  2.1

Action                   |  1- 3 |  4- 6 |  7- 9 || total
-------------------------+-------+-------+-------++-------
Melee: Unarmed           |    98 |   166 |   296 ||   560
Throw: Stone             |     6 |       |       ||     6
 Cast: Corona            |       |     1 |       ||     1
Evoke: Wand              |       |       |     7 ||     7
  Use: Scroll            |     1 |     3 |     4 ||     8
 Stab: Sleeping          |     1 |       |     1 ||     2
       Paralysed         |       |     3 |     1 ||     4
  Eat: Chunk             |    14 |    17 |    21 ||    52
Armor: Robe              |    27 |    41 |    40 ||   108
Dodge: Dodged            |    31 |    62 |    80 ||   173
Block: Shield            |    37 |    62 |   101 ||   200

Table legend:
 A = Spawn XP
 B = Non-spawn XP
 C = Spawn XP percentage of total XP
 D = Spawn monster count
 E = Non-spawn monster count
 F = Spawn count percentage of total count
 G = Total turns spent on level
                    A         B        C        D         E        F      G
               +---------+---------+-------+---------+---------+-------+---------
         Total |       0 |    3651 |   0.0 |       0 |     130 |   0.0 |  5104
               +---------+---------+-------+---------+---------+-------+---------
           D:1 |       0 |      39 |   0.0 |       0 |      20 |   0.0 |   998
           D:2 |       0 |     127 |   0.0 |       0 |      29 |   0.0 |   504
           D:3 |       0 |     112 |   0.0 |       0 |      12 |   0.0 |   795
           D:4 |       0 |     542 |   0.0 |       0 |      18 |   0.0 |  1130
           D:5 |       0 |    1745 |   0.0 |       0 |      30 |   0.0 |   959
           D:6 |       0 |     785 |   0.0 |       0 |      15 |   0.0 |   618
           D:7 |       0 |     301 |   0.0 |       0 |       6 |   0.0 |    84
               +---------+---------+-------+---------+---------+-------+---------
